 Dungeon Crawl Stone Soup version 0.17-a0-1373-g64d4c99 (webtiles) character file.

183 patman2 the Ruffian (level 5, 50/50 HPs)
             Began as a Troll Monk on June 12, 2015.
             Quit the game in the Ecumenical Temple on June 13, 2015.
             The game lasted 00:04:41 (520 turns).

patman2 the Ruffian (Troll Monk)                     Turns: 520, Time: 00:04:41

Health: 50/50      AC:  5    Str: 19    XL:     5   Next: 35%
Magic:  4/4        EV: 10    Int:  7    God:
Gold:   45         SH:  0    Dex: 12    Spells: 0 memorised, 4 levels left

rFire  . . .     SeeInvis .       - Unarmed
rCold  . . .     Clarity  .     a - +0 robe
rNeg   . . .     SustAt   .     (no shield)
rPois  .         Gourm    +     (helmet restricted)
rElec  .         Spirit   .     (no cloak)
rCorr  .         Warding  .     (gloves unavailable)
rMut   .         Stasis   .     (boots unavailable)
MR     .....                    (no amulet)
Stlth  +.........               (no ring)
                                (no ring)

@: not resistant to hostile enchantments, very unstealthy
A: unfitting armour, claws 3, fast metabolism 3, gourmand, regeneration 2,
shaggy fur 1, tough skin 2
a: no special abilities


You were in the Ecumenical Temple.
You were full.

You visited 2 branches of the dungeon, and saw 5 of its levels.

You collected 45 gold pieces.

Inventory:

Armour
 a - a +0 robe (worn)
Scrolls
 d - a scroll of enchant weapon {unknown}
 e - a scroll of recharging {unknown}
 f - a scroll of amnesia {unknown}
 h - a scroll of identify {unknown}
Potions
 c - a potion of cure mutation {unknown}
 g - a potion of curing {unknown}
 j - a potion of lignification {unknown}
 k - a potion of agility {unknown}
 m - a potion of flight {unknown}
Comestibles
 b - 3 bread rations
 i - 2 fruits
 l - a meat ration


   Skills:
 - Level 2.4 Fighting
 - Level 2.4 Dodging
 - Level 1.1 Stealth
 + Level 6.7 Unarmed Combat


You had 4 spell levels left.
You didn't know any spells.

Dungeon Overview and Level Annotations

Branches:
Dungeon (4/15)             Temple (1/1) D:4

Altars:
Elyvilon
Gozag
Kikubaaqudgha
Nemelex Xobeh
Okawaru
Vehumet
Xom
Yredelemnul
The Shining One


Innate Abilities, Weirdness & Mutations

You are too large for most types of armour.
You have claws for hands.
Your metabolism is lightning-fast.
You like to eat raw meat.
You heal very quickly.
You are covered in fur (AC +1).
You have very tough skin (AC +2).


Message History

You see here a giant newt corpse.
You butcher the giant newt corpse.
n - a chunk of flesh Eat a chunk of flesh? (ye/n/q/i?) This raw flesh tastes great.
You continue eating. x2
Found a staircase to the Ecumenical Temple.
There is a staircase to the Ecumenical Temple here.
You climb downwards.
Welcome to the Ecumenical Temple!
There is a staircase back to the Dungeon here.
Unknown command.
Unknown command.
Found a shimmering altar of Xom and a basalt altar of Yredelemnul.
Found a white marble altar of Elyvilon and a sparkling altar of Nemelex Xobeh.
There is a staircase back to the Dungeon here.
Found a glowing golden altar of the Shining One and an iron altar of Okawaru.
Found an opulent altar of Gozag and a radiant altar of Vehumet.
Unknown command.
Unknown command.
Are you sure you want to abandon this character and quit the game? (Confirm with "yes".)

######### ######
###.......### ###.....
##..._..._...###...⌠...
#.............#........
#....@......###.......
##..................<.
#...........###.......
#.............#........
##..._..._...###...⌠...
###.......### ###.....
######### ######


There were no monsters in sight!

Vanquished Creatures
  An ogre (D:4)
  A scorpion (D:4)
  A worker ant (D:4)
  A shadow imp (D:3)
  2 giant geckos (D:3)
  An orc (D:3)
  2 giant cockroaches
  3 goblins
  3 hobgoblins
  A jackal (D:1)
  2 kobolds
  2 quokkas
  2 bats
  A giant newt (D:4)
  2 rats
25 creatures vanquished.

Notes
Turn   | Place    | Note
--------------------------------------------------------------
     0 | D:1      | patman2 the Troll Monk began the quest for the Orb.
     0 | D:1      | Reached XP level 1. HP: 22/22 MP: 0/0
   175 | D:1      | Reached XP level 2. HP: 23/29 MP: 1/1
   232 | D:3      | Upgraded the game from 0.17-a0-1368-g6ab37f2 to 0.17-a0-1373-g64d4c99
   264 | D:3      | Found an ancient bone altar of Kikubaaqudgha.
   334 | D:3      | Reached skill level 5 in Unarmed Combat
   341 | D:3      | Reached XP level 3. HP: 31/36 MP: 2/2
   365 | D:4      | Noticed a scorpion
   370 | D:4      | Killed a scorpion
   370 | D:4      | Reached XP level 4. HP: 34/44 MP: 3/3
   376 | D:4      | Reached skill level 6 in Unarmed Combat
   407 | D:4      | Noticed an ogre
   416 | D:4      | Killed an ogre
   416 | D:4      | Reached XP level 5. HP: 19/50 MP: 4/4
   464 | D:4      | Found a staircase to the Ecumenical Temple.
   469 | Temple   | Entered the Ecumenical Temple
   520 | Temple   | Quit the game

Vault maps used:
D:1:      onia_arrival_mini_spirals
D:2:      grunt_gozag_statues
D:3:      kiku_gazebo_pond_becter, nicolae_qazlal_general_emergency,
          first_bread, grunt_ministairs_15
D:4:      lemuel_round_altar, lemuel_blue_sif_altar,
          minmay_temple_entry_nine_rooms, serial_shops, shop
Temple:   zaba_magenta_temple_8

Action                   |  1- 3 |  4- 6 || total
-------------------------+-------+-------++-------
Melee: Unarmed           |    36 |    15 ||    51
  Eat: Chunk             |     6 |     1 ||     7
